AoeStats
← ajanderson120

Lombardia

509982884Analyzed
4v4 RM · 5d ago on Sep 28, 2026· 14m 15s· 8 players
Game mode
Random Map
Map size
Large (8 player)
Population
200
Speed
Normal
Resources
Standard
Victory
Conquest
Starting age
Dark Age
Ending age
Imperial Age
RankedLock teamsTeams togetherTeam positionsShared explorationLock speedFull tech treeHidden civsTurbo modeCheats
Victory
Defeat
🇲🇽 Bulgarians · Mexico
1427
+10
🇲🇽 Persians · Mexico
1398
+11
🇲🇽 Celts · Mexico
1346
+13
🇲🇽 Mongols · Mexico
1331
+13
🇦🇷 Cumans · Argentina
1313
-13
🇺🇸 Malay · United States
1302
-13
🇺🇸 Magyars · United States
1253
-11
🇺🇸 Gurjaras · United States
1237
-10
bigapple334
7:32 Loom
9:32 Feudal Age
11:25 Loom
Tattletale Strangler
8:43 Feudal Age
9:58 Double-Bit Axe
ajanderson120
10:23 Feudal Age
9:12 Loom
11:41 Man-at-Arms
chillysloth
11:12 Feudal Age
[Zelda] prosao24
4:36 Loom
7:48 Feudal Age
[Zelda] Skull kid
3:43 Loom
13:16 Feudal Age
13:34 Loom
[Zelda] Lachomix
7:10 Loom
10:10 Feudal Age
10:39 Double-Bit Axe
Euphoria_9999
7:35 Loom
9:55 Feudal Age
10:35 Double-Bit Axe
11:43 Arson
13:14 Wheelbarrow
Connection lost

Rejoining the realm…

Still unreachable

The connection could not be restored.

Session expired

The server has moved on; the page needs a fresh start.